 Dungeon Sprint DCSS version 0.27.1-33-g824d729ab1 (webtiles) character file.

Game seed: 10438220582808098923

110 Adenis the Fighter (level 4, -3/58 HPs)
             Began as an Ogre Berserker on Dec 3, 2021.
             Was a Follower of Trog.
             Slain by Sigmund (9 damage)
             ... in the Dungeon (Sprint I: "Red Sonja").
             The game lasted 00:01:51 (520 turns).

Adenis the Fighter (Ogre Berserker)                  Turns: 520, Time: 00:01:52

Health: -3/58      AC:  3    Str: 22    XL:     4   Next: 91%
Magic:  4/4        EV: 10    Int:  8    God:    Trog [*.....]
Gold:   54         SH:  0    Dex:  8    Spells: 3/3 levels left

rFire    . . .     SeeInvis .   a - +0 mace
rCold    . . .     Faith    .   (no shield)
rNeg     . . .     Spirit   .   b - +0 animal skin
rPois    .         Reflect  .   (helmet restricted)
rElec    .         Harm     .   (no cloak)
rCorr    .         Rampage  .   (gloves unavailable)
Will     .....     NoTele   +   (boots unavailable)
Stlth    +.........             (no amulet)
HPRegen  0.19/turn              (no ring)
MPRegen  0.09/turn              (no ring)

@: no status effects
A: large, unfitting armour, tough skin 1
a: Renounce Religion, Berserk


You were in the Dungeon.
You worshipped Trog.
Trog was aware of your devotion.
You visited 1 branch You collected 54 gold pieces.

Inventory:

Hand Weapons
 a - a +0 mace (weapon)
 i - a +0 giant club
Armour
 b - a +0 animal skin (worn)
Scrolls
 h - a scroll of blinking
Potions
 c - a potion of curing
 d - a potion of heal wounds
 e - a potion of haste
 f - 2 potions of magic
 g - a potion of berserk rage


   Skills:
 + Level 8.4 Fighting
 + Level 5.4 Maces & Flails
 + Level 5.3 Dodging


You had 3 spell levels left.
You didn't know any spells.
Your spell library was empty.

Dungeon Overview and Level Annotations

Branches:
Dungeon (1/1)

Altars:

Annotations:
D Sigmund


Innate Abilities, Weirdness & Mutations

You are too large for most types of armour.
You have tough skin. (AC +1)


Message History

You now have 54 gold pieces (gained 27).
There is an open door here.
You open the door.
Sigmund the Dreaded comes into view.
He is wielding a +3 scythe of flaming.
Sigmund shouts!
Sigmund hits you from afar with a +3 scythe of flaming!
Sigmund burns you.
There is an open door here.
Sigmund hits you with a +3 scythe of flaming!
Sigmund burns you.
You hit Sigmund.
Sigmund is lightly wounded.
Sigmund hits you with a +3 scythe of flaming.
Sigmund burns you.
You closely miss Sigmund.
Sigmund is lightly wounded.
Sigmund misses you.
You thump Sigmund!
Sigmund is moderately wounded.
You barely miss Sigmund.
Sigmund is moderately wounded.
Sigmund points at you and mumbles some strange words.
The magic dart hits you. Sigmund casts a spell at you. The magic dart hits you.
You hit Sigmund but do no damage.
Sigmund is moderately wounded.
Sigmund hits you with a +3 scythe of flaming!
* * * LOW HITPOINT WARNING * * *
Sigmund burns you.
* * * LOW HITPOINT WARNING * * *
You thump Sigmund!
Sigmund is heavily wounded.
You barely miss Sigmund.
Sigmund is heavily wounded.
Sigmund casts a spell.
Sigmund flickers and vanishes!
Deactivating autopickup; reactivate with Ctrl-A.
You hit something. Something hits you!
You die...

#############
#<.#..'..#.{+
#..'.)#..'.@#
#..#####'####
#..# #..#
#..# ####
#..# #⌠⌠#
####


There were no monsters in sight!

Vanquished Creatures
  An ogre (D)
  Ijyb (D)
2 creatures vanquished.

Notes
Turn   | Place    | Note
-------+----------+-------------------------------------------
     0 | D        | Adenis the Ogre Berserker began the quest for the Orb.
     0 | D        | Reached XP level 1. HP: 24/24 MP: 1/1
     2 | D        | Noticed Ijyb
     9 | D        | Killed Ijyb
    10 | D        | Reached skill level 6 in Fighting
    10 | D        | Reached XP level 2. HP: 11/36 MP: 2/2
    10 | D        | Reached XP level 3. HP: 14/44 MP: 3/3
   245 | D        | Noticed an ogre
   251 | D        | Killed an ogre
   252 | D        | Reached skill level 8 in Fighting
   252 | D        | Reached skill level 5 in Maces & Flails
   252 | D        | Reached skill level 5 in Dodging
   252 | D        | Reached XP level 4. HP: 15/58 MP: 4/4
   509 | D        | Noticed Sigmund
   520 | D        | Slain by Sigmund

Illustrated notes

Levels and vault maps discovered:
D:        dungeon_sprint_1 [red_sonja_temple_1, red_sonja_temple_small_1]

Skill      XL: |  1  2  3 |
---------------+----------+-----
Fighting       | 6 8 |  8.4
Maces & Flails | 4 5 |  5.4
Dodging        | 3 5 |  5.3

Action                   |  1- 3 |  4- 6 || total
-------------------------+-------+-------++-------
Melee: Mace              |    11 |     8 ||    19
Dodge: Dodged            |     4 |     1 ||     5
